 Dungeon Crawl Stone Soup version 0.25.0-11-g1f837a76a1 (webtiles) character file.

Game seed: 13759202227349713954

18 Flugkiller the Slasher (level 2, 15/18 HPs)
             Began as a Deep Elf Chaos Knight on June 25, 2020.
             Was a Plaything of Xom.
             Quit the game on level 1 of the Dungeon.
             The game lasted 00:00:22 (288 turns).

Flugkiller the Slasher (Deep Elf Chaos Knight)       Turns: 288, Time: 00:00:22

Health: 15/18      AC:  5    Str:  9    XL:     2   Next: 48%
Magic:  4/4        EV: 12    Int: 16    God:    Xom [..*...]
Gold:   0          SH:  0    Dex: 14    Spells: 1/1 levels left

rFire    . . .     SeeInvis .   a - +0 falchion (chaos)
rCold    . . .     Gourm    .   (no shield)
rNeg     . . .     Faith    .   b - +2 leather armour
rPois    .         Spirit   .   (no helmet)
rElec    .         Reflect  .   (no cloak)
rCorr    .         Harm     .   (no gloves)
MR       .....                  (no boots)
Stlth    +.........             e - amulet of inaccuracy (curse)
HPRegen  0.06/turn              (no ring)
MPRegen  0.09/turn              (no ring)

@: brilliant
A: no striking features
a: Renounce Religion


You were on level 1 of the Dungeon.
You worshipped Xom.
You were a toy of Xom.
You were not hungry.

You visited 1 branch of the dungeon, and saw 1 of its levels.

Inventory:

Hand Weapons
 a - a +0 falchion of chaos (weapon)
Armour
 b - a +2 leather armour (worn)
Jewellery
 e - a cursed amulet of inaccuracy (around neck)
   (You found it on level 1 of the Dungeon)
 f - an uncursed amulet of regeneration
   (You found it on level 1 of the Dungeon)
Comestibles
 c - a ration
 d - 3 chunks of flesh


   Skills:
 + Level 2.6 Fighting
 * Level 3.1 Long Blades
 - Level 0.7 Armour
 + Level 2.8 Dodging


You had one spell level left.
You didn't know any spells.
Your spell library was empty.

Dungeon Overview and Level Annotations

Branches:
Dungeon (1/15)

Altars:


Message History

a +0 dagger; a goblin skeleton
e - a lumpy emerald amulet You butcher the bat corpse.
d - 3 chunks of flesh (gained 1)
You see here a bat skeleton. x2
Things that are here:
a +0 club; a hobgoblin skeleton You see here a bat skeleton.
A bat comes into view.
A bat is nearby!
A bat is nearby!
A bat is nearby! "Go forth and destroy!"
You feel clever all of a sudden.
A bat is nearby!
The bat barely misses you.
You riposte.
You hit the bat.
You kill the bat!
You have reached level 2!
A gnoll comes into view.
The gnoll shouts!
You hit the gnoll but do no damage. The gnoll barely misses you.
You hit the gnoll. You freeze the gnoll.
The gnoll is moderately wounded.
The gnoll closely misses you. The gnoll hits you.
You barely miss the gnoll.
The gnoll is moderately wounded.
The gnoll barely misses you.
You riposte.
You barely miss the gnoll.
The gnoll is moderately wounded.
You hit the gnoll.
Space bends around the gnoll.
The gnoll is severely wounded.
The gnoll closely misses you.
You barely miss the gnoll.
The gnoll is severely wounded.
The gnoll completely misses you.
You riposte.
You completely miss the gnoll.
The gnoll is severely wounded.
You hit the gnoll but do no damage.
The gnoll is severely wounded.
The gnoll hits you but does no damage.
You hit the gnoll.
You kill the gnoll!
f - a runed malachite amulet The amulet cannot attune itself to your injured body.
f - an amulet of regeneration (around neck)
You remove your amulet of regeneration.
Oops, that amulet feels deathly cold.
Xom is amused.
e - a cursed amulet of inaccuracy (around neck)
You aren't carrying any scrolls.
You aren't carrying any potions.
Are you sure you want to abandon this character and quit the game? (Confirm with "yes".)

##### #+#####
....#######.....# #
#........##.....#.#
#........##.....#.##
#........##........#
#........#.#....#
#........#.#....#
#........#.#....#..#
.##...........@......#
..#....)...#.######..#
#.###+#......# .#
#.###.#......#.# #
..##.#.รท......#
#.##.#.####.###
#[#..)........
#..#.#..........
##.#######.#####


There were no monsters in sight!

Vanquished Creatures
  A gnoll (D:1)
  A dart slug (D:1)
  A goblin (D:1)
  A hobgoblin (D:1)
  4 bats (D:1)
8 creatures vanquished.

Notes
Turn   | Place    | Note
-------+----------+-------------------------------------------
     0 | D:1      | Flugkiller the Deep Elf Chaos Knight began the quest for
                  | the Orb.
     0 | D:1      | Reached XP level 1. HP: 13/13 MP: 3/3
    64 | D:1      | XOM: butterfly on damage
   250 | D:1      | Reached skill level 3 in Long Blades
   269 | D:1      | XOM: potion effect (brilliance)
   270 | D:1      | Reached XP level 2. HP: 18/18 MP: 4/4
   288 | D:1      | Quit the game

Illustrated notes

Levels and vault maps discovered:
D:1:      matt_arrival_spirals, layout_basic

Skill      XL: |  1 |
---------------+----+-----
Long Blades    | 3 |  3.1
Fighting       | |  2.6
Armour         | |  0.7
Dodging        | |  2.8

Action                   || total
-------------------------++-------
Melee: Falchion          ||    24
Armor: Leather armour    ||     8
Dodge: Dodged            ||    19
       Rpst.: Falchion   ||     6
